Map: Incorporeal LE

Players

FallinInFall

  • Race: Zerg Zerg
  • League: Master
  • Spawn Location: 5:00

A.I. 1 (Very Hard) - Winner!

  • Race: Terran Terran
  • Spawn Location: 11:00

VOD

Have the link to the VOD?

Description

Time

  • Played on: Oct. 9, 2025, 7:49 a.m.
  • Length: 9:21
Show
View Real Time Build Order
Export as new Build Order

FallinInFall Zerg 

Build Orders: Pool First 

Get SALT Encoding   

  12  0:00  Drone  
  13  0:07  Drone  
  14  0:16  Overlord  
  14  0:21  Extractor  
  14  0:22  Drone  
  15  0:36  Drone  
  16  0:42  Spawning Pool  
  16  0:43  Drone  
  16  0:48  Drone  
  17  1:08  Hatchery  
  17  1:10  Drone  
  17  1:23  Extractor  
  16  1:29  Zergling x6  
  16  1:31  Queen  
  21  1:40  Overlord  
  21  2:01  Drone  
  21  2:03  Drone  
  23  2:10  Queen  
  25  2:16  Drone  
  26  2:23  Drone  
  26  2:24  Queen, Drone  
  30  2:32  Drone  
  30  2:39  Drone  
  30  2:40  Drone x2  
  30  2:41  Drone x2  
  33  2:47  Metabolic Boost  
  33  2:53  Overlord  
  33  2:58  Drone  
  33  2:59  Drone  
  33  3:04  Drone  
  36  3:13  Drone x2  
  38  3:22  Drone x3  
  38  3:26  Hatchery  
  40  3:28  Overlord  
  40  3:30  Drone  
  41  3:36  Lair  
  41  3:45  Evolution Chamber  
  41  3:47  Roach Warren  
  39  3:53  Drone x5  
  44  3:56  Drone  
  44  3:58  Drone  
  44  4:01  Queen  
  48  4:05  Extractor, Drone  
  48  4:07  Extractor  
  48  4:08  Drone  
  48  4:14  Zerg Ground Armor Level 1  
  48  4:16  Drone x2  
  50  4:24  Overlord  
  50  4:29  Overlord  
  50  4:33  Spore Crawler  
  50  4:34  Spore Crawler, Drone  
  49  4:40  Glial Reconstitution  
  49  4:41  Overseer  
  49  4:42  Drone x5  
  49  4:44  Drone  
  55  4:47  Drone x2  
  58  4:52  Drone  
  58  4:53  Drone x2  
  58  4:56  Drone x2  
  62  5:03  Spore Crawler  
  62  5:04  Extractor  
  60  5:11  Overlord  
  60  5:13  Roach x4  
  60  5:14  Roach  
  70  5:16  Roach  
  72  5:23  Roach  
  72  5:25  Overlord  
  74  5:35  Overlord  
  74  5:36  Roach x2  
  74  5:37  Roach x2  
  74  5:38  Overlord x3  
  82  5:45  Overlord  
  82  5:47  Roach x3  
  88  5:57  Roach  
  88  5:58  Roach x5  
  100  6:04  Overlord  
  100  6:06  Overlord  
  100  6:11  Zergling x12  
  106  6:15  Zergling x2  
  107  6:25  Zergling x12  
  109  6:32  Ravager x7  
  120  6:33  Ravager  
  121  6:43  Zergling x16  
  129  6:48  Overlord  
  129  6:49  Zergling x6  
  107  7:03  Roach x4  
  111  7:11  Roach x3  
  111  7:22  Overseer  
  106  7:37  Roach x7  
  93  9:03  Zergling x18  
Show
View Real Time Build Order
Export as new Build Order

A.I. 1 (Very Hard) Terran - Winner!

Build Orders:  

Get SALT Encoding   

  12  0:00  SCV  
  13  0:13  SCV  
  14  0:18  Supply Depot  
  14  0:25  SCV  
  15  0:40  SCV  
  16  0:43  Barracks  
  16  0:52  SCV  
  17  1:04  SCV  
  18  1:16  SCV  
  19  1:18  Command Center  
  19  1:29  Marine  
  20  1:33  Orbital Command  
  20  1:44  Supply Depot  
  20  1:47  Marine  
  20  1:50  Refinery  
  21  1:58  SCV  
  22  2:05  Marine  
  23  2:08  Barracks  
  23  2:10  SCV  
  23  2:14  Refinery  
  24  2:22  SCV  
  25  2:23  Marine  
  25  2:27  Supply Depot  
  26  2:34  SCV  
  26  2:39  SCV  
  26  2:40  Marine  
  26  2:46  SCV  
  26  2:56  Orbital Command  
  26  2:58  Marine  
  26  2:59  Marine  
  26  3:04  SCV  
  29  3:14  Factory  
  29  3:16  SCV  
  29  3:17  Marine  
  29  3:18  Marine  
  32  3:22  SCV  
  33  3:28  SCV  
  34  3:34  SCV  
  34  3:35  Marine  
  34  3:36  Marine  
  34  3:40  SCV  
  38  3:44  Barracks  
  38  3:46  SCV  
  39  3:52  SCV  
  39  3:54  Barracks Tech Lab x2  
  40  3:58  SCV  
  40  4:01  Starport, Factory Tech Lab  
  41  4:04  SCV  
  42  4:10  SCV  
  42  4:11  Marine  
  42  4:12  Marine  
  42  4:14  Combat Shield, Stimpack  
  42  4:16  SCV  
  46  4:19  Supply Depot  
  46  4:25  SCV  
  46  4:28  SCV  
  46  4:29  Marine  
  46  4:30  Marine  
  50  4:32  Marine  
  50  4:37  SCV  
  52  4:40  SCV  
  52  4:41  Supply Depot, Medivac  
  55  4:48  Siege Tank  
  55  4:49  SCV  
  60  4:52  SCV  
  60  4:53  Marine  
  60  4:54  Supply Depot  
  60  4:55  Marine  
  62  5:03  SCV  
  62  5:04  Supply Depot  
  62  5:05  SCV  
  62  5:06  Refinery  
  64  5:08  Barracks Reactor  
  64  5:11  Marauder  
  64  5:13  Marauder  
  68  5:15  SCV  
  68  5:17  Refinery  
  68  5:18  SCV  
  70  5:26  Siege Tank  
  70  5:27  SCV  
  74  5:30  SCV  
  74  5:33  Marauder  
  74  5:34  Marauder  
  79  5:36  Supply Depot  
  79  5:39  SCV  
  79  5:42  SCV  
  81  5:52  Engineering Bay, SCV  
  81  5:54  Marauder, SCV  
  81  5:56  Engineering Bay  
  85  5:58  Marauder  
  85  5:59  Siege Tank  
  85  6:01  Supply Depot  
  85  6:04  SCV  
  91  6:15  Marauder  
  93  6:20  Terran Infantry Weapons Level 1, Missile Turret  
  93  6:22  Missile Turret  
  93  6:23  Marauder  
  93  6:24  Concussive Shells  
  93  6:25  Barracks  
  95  6:26  Supply Depot  
  95  6:31  Siege Tank  
  95  6:32  Terran Infantry Armor Level 1  
  98  6:36  Starport Reactor  
  98  6:37  Marauder  
  100  6:42  Missile Turret  
  100  6:44  Marauder  
  100  6:46  Command Center  
  102  6:50  Supply Depot  
  100  6:54  Marine  
  100  6:55  Marine  
  100  6:58  Marauder  
  79  7:06  Marauder  
  66  7:12  Marine  
  66  7:13  Hellion, Marine, Medivac  
  64  7:19  SCV, Marine  
  64  7:22  SCV  
  65  7:27  Marauder  
  64  7:30  Marine  
  64  7:31  SCV, Marine  
  64  7:34  SCV  
  66  7:37  Marauder  
  66  7:43  SCV  
  63  7:46  SCV  
  63  7:48  Marine  
  63  7:49  Marauder, Marine  
  63  7:55  SCV  
  61  7:58  Marine  
  59  8:05  Marine  
  59  8:06  Marine  
  59  8:10  Marauder  
  54  8:17  Marauder  
  51  8:20  SCV  
  51  8:23  Marine  
  48  8:31  Marauder  
Tags
 
League
Master
Matchup
TvZ
Opening
Pool First
Spawn Locations
Cross Positions
Add a new tag
Caveats
  • Supply blocks, unpowered buildings, or Contaminate may cause inaccurate times.
  • Supply counts are checked every 10 seconds.